 Dungeon Crawl Stone Soup version 0.30-a0-756-gc2185399d4 (webtiles) character file.

Game seed: 15391113414193690268

9741 kae the Geomancer (level 11, -2/54 HPs)
             Began as a Gargoyle Earth Elementalist on Feb 9, 2023.
             Was a Priest of Vehumet.
             Succumbed to barbed spike wounds
             ... on level 11 of the Dungeon.
             The game lasted 00:11:04 (10047 turns).

kae the Geomancer (Gargoyle Earth Elementalist)    Turns: 10047, Time: 00:11:05

Health: -2/54      AC: 17    Str: 13    XL:     11   Next: 51%
Magic:  0/22       EV: 11    Int: 19    God:    Vehumet [***...]
Gold:   491        SH:  0    Dex: 10    Spells: 7/25 levels left

rFire   . . .      SeeInvis .    F - staff of earth {!a}
rCold   . . .      Faith    .    (no shield)
rNeg    + . .      Spirit   +    U - +0 acid dragon scales
rPois   ∞          Reflect  .    t - +2 hat
rElec   +          Harm     .    I - +0 cloak
rCorr   +          Rampage  .    (no gloves)
Will    .....                    (no boots)
Stlth   +                        G - amulet of guardian spirit
HPRegen 0.29/turn                L - ring of flight
MPRegen 0.18/turn                Z - ring of wizardry

@: spiked, flying, studying Stealth
A: sickness immunity, AC +8, negative energy resistance 1, electricity
resistance, torment resistance 1, petrification resistance
a: Renounce Religion


You were on level 11 of the Dungeon.
You worshipped Vehumet.
Vehumet was most pleased with you.
You visited 2 branches of the dungeon, and saw 12 of its levels.
You also visited: Sewer.

You collected 491 gold pieces.


Innate Abilities, Weirdness & Mutations

You are immune to sickness and miasma.
Your stone body is resilient. (AC +8)
You are immune to poison.
You resist negative energy. (rN+)
You are resistant to electric shocks. (rElec)
You are resistant to unholy torment.
You are immune to petrification.


   Skills:
 - Level 1.5 Dodging
 - Level 2.1 Stealth
 + Level 7.8 Spellcasting
 * Level 11.5 Conjurations
 - Level 0.7 Transmutations
 * Level 14.2 Earth Magic


You had 7 spell levels left.
You knew the following spells:

 Your Spells              Type           Power      Damage    Failure   Level
a - Sandblast             Erth           100%       2d20      1%          1
b - Stone Arrow           Conj/Erth      100%       3d13      1%          3
c - Passwall              Tmut/Erth      43%        N/A       1%          2
d - Petrify               Tmut/Erth      52%        N/A       2%          4
e - Lehudib's Crystal Sp  Conj/Erth      35%        10d9      38%         8

Your spell library contained the following spells:

 Spells                   Type           Power      Damage    Failure   Level
 Mephitic Cloud           Conj/Pois/Air  22%        N/A       1%          3
 Magic Dart               Conj           100%       1d8       1%          1
 Searing Ray              Conj           100%       2d8       1%          2
 Fulminant Prism          Conj/Hex       14%        3d8       1%          4
 Sticky Flame             Conj/Fire      29%        2d5       1%          4
 Lee's Rapid Deconstruct  Erth           37%        3d19*     1%          5
 Leda's Liquefaction      Hex/Erth       25%        N/A       2%          4
 Ignite Poison            Fire/Tmut/Pois 8%         N/A       4%          3
 Apportation              Tloc           14%        N/A       6%          1
 Necrotise                Necr           28%        1d5       6%          1
 Slow                     Hex            28%        N/A       6%          1
 Summon Small Mammal      Summ           28%        N/A       6%          1
 Confusing Touch          Hex            7%         N/A       16%         3
 Vampiric Draining        Necr           7%         2d6       16%         3
 Passage of Golubria      Tloc           7%         N/A       45%         4
 Silence                  Hex/Air        3%         N/A       80%         5
 Summon Forest            Summ/Tloc      3%         N/A       80%         5
 Summon Mana Viper        Hex/Summ       7%         N/A       80%         5
 Summon Cactus Giant      Summ           3%         N/A       100%        6
 Ignition                 Fire           3%         3d4       100%        8
 Statue Form              Tmut/Erth      Unusable   N/A       N/A         6

Inventory:

Hand Weapons
 h - a +1 dagger
   (You took it off a goblin on level 1 of the Dungeon)
 s - a +0 heavy whip
   (You took it off Pikel on level 4 of the Dungeon)
 x - a +1 hammer of protection
   (You found it on level 6 of the Dungeon)
Missiles
 e - 107 stones
 i - 7 poisoned darts
 q - 2 throwing nets {=f!f}
 H - 10 boomerangs
 P - 6 curare-tipped darts {=f}
Armour
 a - a +0 robe
 t - a +2 hat (worn)
   (You found it on level 4 of the Dungeon)
 I - a +0 cloak (worn)
   (You took it off Crazy Yiuf on level 6 of the Dungeon)
 T - a +0 troll leather armour
   (You found it on level 9 of the Dungeon)
 U - +0 acid dragon scales (worn)
   (You found it on level 10 of the Dungeon)
Magical Staves
 B - a staff of conjuration {!a}
   (You found it on level 6 of the Dungeon)
 F - a staff of earth (weapon) {!a}
   (You found it on level 6 of the Dungeon)
 N - a staff of death {!a}
   (You found it on level 8 of the Dungeon)
 Q - a staff of cold {!a}
   (You found it on level 6 of the Dungeon)
Jewellery
 C - a ring of protection from cold
   (You found it on level 10 of the Dungeon)
 D - a +6 ring of dexterity
   (You found it on level 5 of the Dungeon)
 E - the ring of Happiness {Fly rC+++ Str-3 Dex-5 Stlth+}
   (You found it on level 6 of the Dungeon)

   [ring of flight]

   Str:       It affects your strength (-3).
   Dex:       It affects your dexterity (-5).
   rC:        It renders you almost immune to cold.
   Fly:       It grants you flight.
   Stlth:     It makes you more stealthy.
 G - an amulet of guardian spirit (around neck)
   (You found it on level 3 of the Dungeon)
 L - a ring of flight (left hand)
   (You found it on level 2 of the Dungeon)
 S - a +6 ring of strength
   (You found it on level 10 of the Dungeon)
 Z - a ring of wizardry (right hand)
   (You took it off a wight on level 10 of the Dungeon)
Wands
 u - a wand of flame (1)
   (You took it off Pikel on level 4 of the Dungeon)
 v - a wand of mindburst (15)
   (You found it on level 5 of the Dungeon)
 J - a wand of polymorph (13)
   (You found it on level 8 of the Dungeon)
Scrolls
 c - a scroll of fear
 j - a scroll of fog
 r - 4 scrolls of enchant armour
 y - 3 scrolls of enchant weapon
 M - 4 scrolls of teleportation {@r4}
 O - a scroll of magic mapping {!r}
 V - a scroll of identify {@r1}
 W - a scroll of poison
Potions
 b - a potion of magic
 d - 4 potions of flight
 f - 4 potions of mutation {!q}
 g - a potion of cancellation
 k - 2 potions of degeneration {!q}
 l - a potion of berserk rage {!q}
 m - a potion of brilliance
 n - 5 potions of heal wounds {@q2}
 o - 5 potions of lignification {!q}
 p - 2 potions of attraction {!q}
 w - 2 potions of invisibility
 z - 4 potions of might
 A - 2 potions of haste {@q3}
 K - 3 potions of curing {@q1}
 R - a potion of resistance

Dungeon Overview and Level Annotations

Branches:
Dungeon (11/15) Zot: 26719  Temple (1/1) D:7 Zot: 5925   Sewer (visited)
   Lair: D:8-11         Orc: D:9-12

Altars:
Ashenzari
Cheibriados
Dithmenos
Elyvilon
Fedhas
Gozag
Hepliaklqana
Kikubaaqudgha
Makhleb
Nemelex Xobeh
Okawaru
Qazlal
Ru
Sif Muna
Trog
Uskayaw
Vehumet
Wu Jian
Xom
Yredelemnul
Zin
The Shining One

Shops:
D:3 [

Annotations:
D:9 exclusion: oklob sapling

.......##.........#
.....#.####..#.##. ....#
.......#.....#.##.##
....# ...................
....# ##................
....# #.#......###.....
....####
#.##.†..####.....
.....##..
#................
.........####.##@.....#..
..
....#.........##..#.#..#
..........######.....#...
.#.................#.....
....##...##...#...######.
...#######.......##
..###.......<...##
..###.###.......# .)....#
#.......#


There were no monsters in sight!


Message History

Confirm with . or Enter, or press ? or * to list all spells.
Aiming: Stone Arrow (safe; 1% risk of failure)
Press: ? - help, Shift-Dir - straight line, f - acid dragon
Aim: an acid dragon (asleep, 100% to hit)
You feel a surge of power!
The stone arrow hits the acid dragon!!
The acid dragon roars!
You hear a shout! 😎 MP[-3]
You lost 3 mp, and now have 19/22 mp.
Casting: Stone Arrow (safe; 1% risk of failure)
Confirm with . or Enter, or press ? or * to list all spells.
Aiming: Stone Arrow (safe; 1% risk of failure)
Press: ? - help, Shift-Dir - straight line, f/p - acid dragon
Aim: an acid dragon (severely wounded, 78% to hit)
You feel a surge of power!
The stone arrow hits the acid dragon!!
You kill the acid dragon!
Vehumet accepts your kill.
You feel your power returning. 😎 MP[-2]
You lost 2 mp, and now have 17/22 mp.
Casting: Stone Arrow (safe; 1% risk of failure)
Confirm with . or Enter, or press ? or * to list all spells.
Aiming: Stone Arrow (safe; 1% risk of failure)
Press: ? - help, Shift-Dir - straight line, f - manticore
Aim: a manticore (87% to hit)
You feel a surge of power!
The stone arrow hits the manticore!!
The manticore flicks its tail.
The volley of spikes hits you!
The barbed spikes become lodged in your body. 😕 HP[-11] MP[-7]
You take 11 damage, and now have 43/54 hp.
MASSIVE DAMAGE!! (PAUSE)
You lost 7 mp, and now have 10/22 mp.
Casting: Stone Arrow (safe; 1% risk of failure)
Confirm with . or Enter, or press ? or * to list all spells.
Aiming: Stone Arrow (safe; 1% risk of failure)
Press: ? - help, Shift-Dir - straight line, f/p - manticore
Aim: a manticore (heavily wounded, 87% to hit)
You feel a surge of power!
The stone arrow hits the manticore!!
The manticore flicks its tail.
The volley of spikes hits you!
The barbed spikes become lodged in your body. 😮 HP[-6] MP[-4]
You take 6 damage, and now have 37/54 hp.
You lost 4 mp, and now have 6/22 mp.
Casting: Stone Arrow (safe; 1% risk of failure)
Confirm with . or Enter, or press ? or * to list all spells.
Aiming: Stone Arrow (safe; 1% risk of failure)
Press: ? - help, Shift-Dir - straight line, f/p - manticore
Aim: a manticore (almost dead, 87% to hit)
You feel a surge of power!
The stone arrow hits the manticore!
You kill the manticore!
Vehumet accepts your kill.
You feel your power returning.
A troll comes into view. 😮 MP[-2]
You lost 2 mp, and now have 4/22 mp.
Casting: Stone Arrow (safe; 1% risk of failure)
Confirm with . or Enter, or press ? or * to list all spells.
You can't see any susceptible monsters within range! (Use Z to cast anyway.)
A troll is nearby!
The barbs in your skin will harm you if you move.
Continue? [Y]es or [N]o only, please.
The barbs in your skin will harm you if you move.
Continue?
Okay, then.
The barbs in your skin will harm you if you move.
Continue?
The barbed spikes dig painfully into your body as you move. 😮 HP[-3] MP[+1]
You take 3 damage, and now have 34/54 hp.
The barbed spikes dig painfully into your body as you move. 😮 HP[-6] MP[-1]
You take 6 damage, and now have 28/54 hp.
You lost 1 mp, and now have 4/22 mp.
The barbed spikes dig painfully into your body as you move.
* * * LOW HITPOINT WARNING * * *
😨 HP[-4]
You take 4 damage, and now have 24/54 hp.
The barbed spikes dig painfully into your body as you move.
* * * LOW HITPOINT WARNING * * *
😨 HP[-5]
You take 5 damage, and now have 19/54 hp.
The barbed spikes dig painfully into your body as you move.
* * * LOW HITPOINT WARNING * * *
😱 HP[-6] MP[-1]
You take 6 damage, and now have 13/54 hp.
You lost 1 mp, and now have 3/22 mp.
The barbed spikes dig painfully into your body as you move.
* * * LOW HITPOINT WARNING * * *
😱 HP[-4]
You take 4 damage, and now have 9/54 hp.
The barbed spikes dig painfully into your body as you move.
* * * LOW HITPOINT WARNING * * *
😱 HP[-3] MP[-2]
You take 3 damage, and now have 6/54 hp.
You lost 2 mp, and now have 1/22 mp.
The barbed spikes dig painfully into your body as you move.
* * * LOW HITPOINT WARNING * * *
😱 HP[-3]
You take 3 damage, and now have 3/54 hp.
The barbed spikes dig painfully into your body as you move.
You die...

Skill      XL: |  1  2  3  4  5  6  7  8  9 10 11 |
---------------+----------------------------------+-----
Earth Magic    | 4 5 6 7 8 9 12 13 14 | 14.2
Spellcasting   | 3 4 5 6 7 |  7.8
Conjurations   | 2 4 6 8 10 11 | 11.5
Dodging        | |  1.5
Stealth        | |  2.1
Transmutations | |  0.7

Action                     |  1- 3 |  4- 6 |  7- 9 | 10-12 || total
---------------------------+-------+-------+-------+-------++-------
  Melee: Unarmed           |    10 |       |       |       ||    10
         Dagger            |     2 |     4 |     5 |       ||    11
         Whip              |       |       |    10 |       ||    10
         Staff             |       |       |       |    17 ||    17
   Cast: Sandblast         |    46 |    81 |   169 |   157 ||   453
         Stone Arrow       |       |       |    19 |    45 ||    64
    Use: Scroll            |     2 |     6 |    18 |     2 ||    28
         Potion            |       |       |       |     1 ||     1
   Stab: Sleeping          |       |     2 |     1 |       ||     3
 Armour: Robe              |    31 |    14 |    74 |    45 ||   164
         Troll leather arm |       |       |       |     4 ||     4
         Acid dragon scale |       |       |       |    16 ||    16
  Dodge: Dodged            |    50 |    21 |    84 |    97 ||   252

Levels and vault maps discovered:
D:1:      amcnicky_arrival_wind_blow, layout_rooms
D:2:      layout_rooms
D:3:      layout_basic, serial_shops, shop_statue, serial_rivers,
          chequers_serial_rivers_room_b, chequers_serial_rivers_small_a,
          chequers_serial_rivers_micro_c, chequers_serial_rivers_small_b
D:4:      layout_cave_pools, mainiacjoe_overflow_swirl, lemuel_round_altar,
          minmay_crystal_water, grunt_ministairs_13, uniq_pikel
D:5:      layout_gridville, lemuel_tele_altar, mainiacjoe_overflow_24_doors,
          grunt_temple_overflow_open, cheibrodos_sewer_entry_bend,
          minmay_misc_feat_columns
D:6:      layout_cave_pools, minmay_manual_mullet, uniq_crazy_yiuf_cottage
D:7:      layout_rooms, minmay_temple_entry_junction_2
D:8:      layout_loops_ring
D:9:      layout_roguey, kennysheep_pointless_box, introduction_to_nature_1
D:10:     layout_loops_ring, nicolae_uskayaw_dance_studio
D:11:     layout_rooms, david_lair_generic, tso_altar, uniq_snorg,
          uniq_josephine
Temple:   nicolae_temple_ecumenical_triangle

Notes
Turn   | Place    | Note
-------+----------+-------------------------------------------
     0 | D:1      | kae the Gargoyle Earth Elementalist began the quest for the
                  | Orb.
     0 | D:1      | Reached XP level 1. HP: 10/10 MP: 3/3
     0 | D:1      | magus.rc [v1.11.3]
    89 | D:1      | Reached skill level 4 in Earth Magic
   107 | D:1      | Reached XP level 2. HP: 15/15 MP: 0/5
   336 | D:1      | You pick up a book of Conjurations and begin reading...
   336 | D:1      | You add the spells Magic Dart, Searing Ray and Fulminant
                  | Prism to your library.
   383 | D:1      | You fall into a shaft and drop 1 floor!
   398 | D:1      | Reached XP level 3. HP: 10/19 MP: 2/6
   432 | D:1      | Learned a level 3 spell: Stone Arrow
   436 | D:1      | Learned a level 2 spell: Passwall
   468 | D:1      | You pick up a book of Conjurations and begin reading...
   775 | D:2      | Reached skill level 5 in Earth Magic
   843 | D:2      | Reached XP level 4. HP: 19/24 MP: 1/8
  1131 | D:2      | You pick up a book of Geomancy and begin reading...
  1280 | D:2      | Reached skill level 3 in Spellcasting
  1591 | D:3      | Reached XP level 5. HP: 28/28 MP: 7/9
  1641 | D:3      | Reached skill level 6 in Earth Magic
  1752 | D:3      | Found Geuda's Armour Shop.
  1903 | D:3      | Noticed a phantom
  1906 | D:3      | Killed a phantom
  1907 | D:3      | Reached XP level 6. HP: 32/32 MP: 6/11
  2246 | D:3      | Reached skill level 1 in Conjurations
  2246 | D:3      | Reached skill level 7 in Earth Magic
  2447 | D:4      | Found a shimmering blue altar of Sif Muna.
  2515 | D:4      | Found a white marble altar of Elyvilon.
  2532 | D:4      | Found a glowing golden altar of the Shining One.
  2613 | D:4      | Reached skill level 2 in Conjurations
  2618 | D:4      | HP: 7/32 [killer bee (7)]
  2621 | D:4      | Reached skill level 4 in Spellcasting
  2621 | D:4      | Reached XP level 7. HP: 7/36 MP: 0/13
  2822 | D:4      | Noticed Pikel
  2838 | D:4      | Killed Pikel
  2839 | D:4      | Reached skill level 4 in Conjurations
  2839 | D:4      | Reached skill level 8 in Earth Magic
  2839 | D:4      | Reached XP level 8. HP: 30/41 MP: 1/14
  3353 | D:5      | Entered Level 5 of the Dungeon
  3353 | D:5      | Found a glowing silver altar of Zin.
  3353 | D:5      | Found an ornate altar of the Wu Jian Council.
  3353 | D:5      | Found a stormy altar of Qazlal.
  3353 | D:5      | Found a bloodstained altar of Trog.
  3411 | D:5      | Reached skill level 9 in Earth Magic
  3474 | D:5      | Found a glowing drain.
  3485 | Sewer    | Entered a sewer
  3515 | Sewer    | Reached skill level 5 in Conjurations
  3832 | Sewer    | Reached skill level 5 in Spellcasting
  3940 | Sewer    | Learned a level 4 spell: Petrify
  4204 | D:5      | Reached skill level 6 in Conjurations
  4272 | D:5      | Found a snail-covered altar of Cheibriados.
  4305 | D:5      | Found an ancient bone altar of Kikubaaqudgha.
  4354 | D:5      | Found a burning altar of Makhleb.
  4578 | D:6      | Reached XP level 9. HP: 45/45 MP: 12/16
  4619 | D:6      | Reached skill level 10 in Earth Magic
  4747 | D:6      | Reached skill level 7 in Conjurations
  4987 | D:6      | Identified the ring of Happiness {Fly rC+++ Str-3 Dex-5
                  | Stlth+}
  5143 | D:6      | Found a runed translucent door.
  5144 | D:6      | Noticed Crazy Yiuf
  5267 | D:6      | Killed Crazy Yiuf
  5510 | D:7      | Found a staircase to the Ecumenical Temple.
  5521 | Temple   | Entered the Ecumenical Temple
  5586 | Temple   | Became a worshipper of Vehumet
  5631 | D:7      | Reached skill level 11 in Earth Magic
  5719 | D:7      | You add the spells Ignite Poison, Sticky Flame and Ignition
                  | to your library.
  5882 | D:7      | Reached skill level 6 in Spellcasting
  6084 | D:7      | You pick up a book of Cantrips and begin reading...
  6084 | D:7      | You add the spells Necrotise, Summon Small Mammal and
                  | Apportation to your library.
  6236 | D:8      | Reached skill level 8 in Conjurations
  6545 | D:8      | Noticed a two-headed ogre
  6551 | D:8      | Killed a two-headed ogre
  6552 | D:8      | Reached skill level 12 in Earth Magic
  6552 | D:8      | Reached XP level 10. HP: 50/50 MP: 6/19
  6840 | D:8      | Reached skill level 9 in Conjurations
  7177 | D:9      | HP: 11/50 [acid dragon/splash of acid (19)]
  7388 | D:9      | You pick up a book of the Wilderness and begin reading...
  7388 | D:9      | You add the spells Summon Forest, Summon Mana Viper and
                  | Summon Cactus Giant to your library.
  7521 | D:9      | Reached * piety under Vehumet
  7521 | D:9      | Offered knowledge of Foxfire by Vehumet.
  8011 | D:9      | Reached skill level 7 in Spellcasting
  8206 | D:9      | Reached skill level 10 in Conjurations
  8267 | D:9      | Reached ** piety under Vehumet
  8267 | D:9      | Offered knowledge of Scorch by Vehumet.
  8319 | D:9      | Reached skill level 13 in Earth Magic
  8340 | D:9      | You pick up a book of the Moon and begin reading...
  8340 | D:9      | You add the spells Passage of Golubria, Silence and
                  | Lehudib's Crystal Spear to your library.
  8643 | D:9      | Learned a level 8 spell: Lehudib's Crystal Spear
  8661 | D:10     | Entered Level 10 of the Dungeon
  8670 | D:9      | Reached XP level 11. HP: 49/54 MP: 10/21
  8750 | D:10     | Noticed a two-headed ogre
  8758 | D:10     | Killed a two-headed ogre
  8939 | D:10     | Reached skill level 11 in Conjurations
  9067 | D:10     | Found the +8 mithril axe "Arga" {speed, Will+}
  9084 | D:10     | You pick up a book of Debilitation and begin reading...
  9084 | D:10     | You add the spells Slow, Vampiric Draining and Confusing
                  | Touch to your library.
  9127 | D:10     | Offered knowledge of Mephitic Cloud by Vehumet.
  9318 | D:10     | You pick up a book of the Earth and begin reading...
  9318 | D:10     | You add the spells Leda's Liquefaction and Lee's Rapid
                  | Deconstruction to your library.
  9350 | D:10     | Found a hide-covered altar of Uskayaw.
  9359 | D:10     | Reached *** piety under Vehumet
  9809 | D:11     | Noticed a two-headed ogre
  9869 | D:11     | Found a glowing golden altar of the Shining One.
  9885 | D:11     | Killed a two-headed ogre
  9886 | D:11     | Reached skill level 14 in Earth Magic
 10032 | D:11     | Noticed a manticore
 10038 | D:11     | Killed a manticore
 10043 | D:11     | HP: 12/54 [barbs]
 10046 | D:11     | HP: 2/54 [barbs]
 10047 | D:11     | Succumbed to barbed spike wounds

Vanquished Creatures
  3 two-headed ogres
  Pikel (D:4)
  A manticore (D:11)
  2 trolls
  2 hornets (D:9)
  A shadow (D:11)
  A wraith (D:6)
  A vampire (D:10)
  3 yaks
  A steam dragon (D:8)
  4 acid dragons
  4 water moccasins
  A sky beast (D:7)
  5 orc warriors
  An ogre (D:6)
  2 centaurs
  A lemure (D:4)
  3 phantoms
  A kobold brigand (D:10)
  5 bullfrogs
  A necrophage (D:6)
  A gnoll sergeant (D:10)
  2 scorpions
  21 wights
  7 killer bees
  An oklob sapling (D:9)
  5 howler monkeys
  3 hounds
  4 orc priests
  3 gnoll boudas
  Crazy Yiuf (D:6)
  4 iguanas
  9 orc wizards
  15 gnolls
  3 river rats (Sewer)
  18 adders
  A shadow imp (D:7)
  2 ufetubi
  4 worms
  A dart slug (D:1)
  39 orcs
  12 endoplasms
  5 giant cockroaches
  8 goblins
  5 hobgoblins
  A jackal (D:9)
  13 kobolds
  4 quokkas
  19 ball pythons
  6 bats
  8 frilled lizards
  25 rats
294 creatures vanquished.

Vanquished Creatures (others)
  An orc wizard (D:9)
  2 fungi (D:11)
  14 plants (D:9)
17 creatures vanquished.

Grand Total: 311 creatures vanquished

Table legend:
 A = Non-vault XP
 B = Vault XP
 C = Vault XP percentage of total XP
 D = Non-vault monster count
 E = Vault monster count
 F = Vault count percentage of total count
                 A         B        C        D         E       F
            +---------+---------+-------+---------+---------+-------
      Total |   11278 |    2638 |  19.0 |     222 |      72 |  24.5
            +---------+---------+-------+---------+---------+-------
        D:1 |      46 |       0 |   0.0 |      28 |       0 |   0.0
        D:2 |     106 |       0 |   0.0 |      23 |       0 |   0.0
        D:3 |     210 |      69 |  24.7 |      23 |       2 |   8.0
        D:4 |     254 |     832 |  76.6 |      21 |       4 |  16.0
        D:5 |     436 |       5 |   1.1 |       9 |       1 |  10.0
        D:6 |     506 |     467 |  48.0 |       8 |       5 |  38.5
        D:7 |     823 |       0 |   0.0 |      19 |       0 |   0.0
        D:8 |    1534 |       0 |   0.0 |      14 |       0 |   0.0
        D:9 |    2774 |     857 |  23.6 |      51 |      17 |  25.0
       D:10 |    2392 |     106 |   4.2 |      20 |       4 |  16.7
       D:11 |    2197 |       0 |   0.0 |       6 |       0 |   0.0
      Sewer |       0 |     302 | 100.0 |       0 |      39 | 100.0
            +---------+---------+-------+---------+---------+-------

Illustrated notes

Table legend:
 A = Kills in this place as a percentage of kills in entire the game.
 B = Kills by you in this place as a percentage of kills by you in the entire game.
 C = Kills by friends in this place as a percentage of kills by friends in the entire game.
 D = Other kills in this place as a percentage of other kills in the entire game.
 E = Experience gained in this place as a percentage of experience gained in the entire game.
 F = Experience gained in this place divided by the number of levels of this place that you have seen.
                   A       B       C       D       E      F
               +-------+-------+-------+-------+-------+----------------------
         Total | 100.0 | 100.0 |   N/A | 100.0 | 100.0 | 1070.5
       Dungeon |  86.7 |  86.7 |   N/A | 100.0 |  97.8 | 1237.6
         Sewer |  13.3 |  13.3 |   N/A |   0.0 |   2.2 | 302.0
               +-------+-------+-------+-------+-------+----------------------

Table legend: (Time is in decaauts)
 A = Elapsed time spent in this place.
 B = Non-inter-level travel time spent in this place.
 C = Inter-level travel time spent in this place.
 D = Time resting spent in this place.
 E = Time spent auto-exploring this place.
 F = Levels seen in this place.
 G = Mean time per level.
                   A        B        C        D        E       F      G
               +--------+--------+--------+--------+--------+-----+--------+
         Total |  10279 |   9866 |    413 |    408 |   7768 |  13 |  790.7 |
       Dungeon |   9725 |   9321 |    404 |    408 |   7372 |  11 |  884.1 |
        Temple |     74 |     65 |      9 |      0 |     54 |   1 |   74.0 |
         Sewer |    479 |    479 |      0 |      0 |    342 |   1 |  479.0 |
               +--------+--------+--------+--------+--------+-----+--------+

Top non-repeatable levels by time:
     D:9: 1396 daAuts
     D:8: 1147 daAuts
    D:10: 1127 daAuts
     D:4: 1044 daAuts
     D:6: 1010 daAuts
     D:3: 891 daAuts
     D:2: 788 daAuts
     D:7: 775 daAuts
     D:1: 706 daAuts
     D:5: 602 daAuts
   Sewer: 479 daAuts
    D:11: 236 daAuts
  Temple: 74 daAuts
